[Event "Mitropa Cup 2023 Open selection"]
[Site "Mali Losinj, Croatia"]
[Date "2023.04.11"]
[Round "1.1"]
[White "Baenziger, Fabian"]
[Black "Lagarde, Maxime"]
[Result "1/2-1/2"]
[TimeControl "90 min + 30 min after 40 moves + 30 sec increment from move 1"]
[WhiteElo "2409"]
[BlackElo "2579"]

1. d4 Nf6 2. c4 e6 3. Nc3 d5 4. Nf3 Be7 5. Bf4 O-O 6. e3 Nbd7 7. a3 c5 8. cxd5 Nxd5 9. Nxd5 exd5 10.
dxc5 Nxc5 11. Be5 Bf6 12. Bxf6 Qxf6 13. Qd4 Qe7 14. Rd1 Be6 15. Be2 Rfc8 16. O-O Nb3 17. Qa4 Nc5 18. Qd4 Nb3 19.
Qa4 Nc5 20. Qd4 1/2-1/2

[Event "Mitropa Cup 2023 Open selection"]
[Site "Mali Losinj, Croatia"]
[Date "2023.04.11"]
[Round "1.2"]
[White "Boyer, Mahel"]
[Black "Gallagher, Joseph G."]
[Result "1-0"]
[TimeControl "90 min + 30 min after 40 moves + 30 sec increment from move 1"]
[WhiteElo "2463"]
[BlackElo "2444"]

1. e4 c5 2. Nf3 d6 3. d4 cxd4 4. Nxd4 Nf6 5. Nc3 a6 6. Rg1 e5 7. Nb3 h5 8. Bg5 Be7 9. Qd2 Be6 10.
f4 Qb6 11. O-O-O Nbd7 12. Be2 Rc8 13. Kb1 exf4 14. Bxf4 Ne5 15. h3 h4 16. Nd4 Qa5 17. Nxe6 fxe6 18. Qd4 Qc5 19. Qd2 b5 20.
a3 b4 21. axb4 Qxb4 22. Nd5 Qxd2 23. Nxf6+ Bxf6 24. Rxd2 Rc6 25. c3 Ke7 26. Kc2 Ra8 27. Ra1 g5 28. Bh2 a5 29. Ra4 Nf7 30.
Rd1 Nd8 31. e5 Bxe5 32. Bxe5 dxe5 33. Bf3 Rac8 34. Bxc6 Nxc6 35. Rc4 Rc7 36. Rc5 Rc8 37. Kb1 Rc7 38. b4 axb4 39. cxb4 Rc8 40.
Rdc1 Kd7 41. b5 Ne7 42. Rxc8 Nxc8 43. Rxc8 Kxc8 44. Kc2 Kc7 45. Kd3 Kb6 46. Ke4 Kxb5 47. Kxe5 1-0

[Event "Mitropa Cup 2023 Open selection"]
[Site "Mali Losinj, Croatia"]
[Date "2023.04.11"]
[Round "1.3"]
[White "Fecker, Noah"]
[Black "Degraeve, Remy"]
[Result "0-1"]
[TimeControl "90 min + 30 min after 40 moves + 30 sec increment from move 1"]
[WhiteElo "2388"]
[BlackElo "2443"]

1. e4 c5 2. Nf3 Nc6 3. Bb5 e6 4. Bxc6 bxc6 5. d3 Ne7 6. Nbd2 f6 7. Nh4 d5 8. f4 c4 9. dxc4 Qb6 10.
Qf3 Rg8 11. Rf1 Ba6 12. Qf2 O-O-O 13. Qxb6 axb6 14. Nhf3 dxe4 15. Nxe4 Bxc4 16. Rf2 Nd5 17. b3 Ba6 18. Nd4 Bb4+ 19.
Bd2 Bxd2+ 20. Rxd2 Nxf4 21. Nxc6 Rxd2 22. Kxd2 Kc7 23. g3 Nd5 24. Nd4 e5 25. Nf5 g6 26. Ne3 Nxe3 27. Kxe3 Rf8 28.
Rd1 f5 29. Ng5 Bc8 30. Rd2 h6 31. Nf3 f4+ 32. gxf4 exf4+ 33. Kf2 g5 34. Rd4 Re8 35. c4 Re3 36. b4 Bg4 37. Ng1 Rc3 38.
h4 Rc2+ 39. Kf1 Be6 40. c5 bxc5 41. bxc5 Rxc5 42. hxg5 hxg5 43. Nf3 Rc1+ 44. Kf2 Rc2+ 45. Kg1 g4 46. Rxf4 gxf3 47. Rxf3 Kd6 48.
Rf2 Rc3 49. Re2 Bg4 50. Rb2 Ke5 51. Kf2 Be6 52. Re2+ Kf5 53. Re3 Rc6 54. Ke2 Kf4 55. Rf3+ Kg4 56. Rf8 Rc3 57. Kd2 Rh3 58.
a4 Bf5 59. a5 Kf4 60. a6 Ra3 61. a7 Rxa7 62. Kc3 Ke5 63. Re8+ Kd5 64. Rd8+ Kc5 65. Kd2 Ra3 66. Rf8 Be4 67.
Rf7 Kd4 68. Rf2 Bf3 69. Ke1 Ke4 70. Kd2 Rd3+ 71. Kc2 Bd1+ 72. Kb2 Rb3+ 73. Kc1 Ke3 74. Rb2 Rd3 75. Rb8 Bb3 76. Kb2 Bd5 77.
Kc2 Kd4 78. Rd8 Ra3 79. Kd2 Ra2+ 80. Kd1 Rh2 81. Rd6 Ke4 82. Rd8 Bb3+ 83. Kc1 Ke3 84. Rd7 Bc2 0-1

[Event "Mitropa Cup 2023 Open selection"]
[Site "Mali Losinj, Croatia"]
[Date "2023.04.11"]
[Round "1.4"]
[White "Droin, Augustin"]
[Black "Arcuti, Davide"]
[Result "1/2-1/2"]
[TimeControl "90 min + 30 min after 40 moves + 30 sec increment from move 1"]
[WhiteElo "2436"]
[BlackElo "2359"]

1. e4 e5 2. Nf3 Nc6 3. Bb5 a6 4. Ba4 Nf6 5. O-O Be7 6. Re1 b5 7. Bb3 O-O 8. a4 Bb7 9. d3 d6 10.
Bd2 Qd7 11. Nc3 Na5 12. Ba2 b4 13. Ne2 c5 14. Ng3 Bc8 15. c3 bxc3 16. bxc3 Qc7 17. d4 Rb8 18. dxe5 dxe5 19. Qe2 c4 20.
h3 Rd8 21. Rab1 Nb3 22. Bxb3 cxb3 23. Nf5 h6 24. Nxe7+ Qxe7 25. c4 Nd7 26. Ba5 Re8 27. Nd2 Nc5 28. Qe3 Bd7 29. Nxb3 Nxb3 30.
Rxb3 Bxa4 31. Rd3 Rec8 32. Rc1 Qg5 33. Qe1 Rb3 34. Rxb3 Bxb3 35. c5 Rc6 36. Rc3 Ba4 37. Bb6 Rg6 38.
Rg3 Qf6 39. Rxg6 Qxg6 40. f3 Bd7 41. Kh2 Bb5 42. Bc7 Qc6 43. Bxe5 Qxc5 44. Qg3 Qf8 45. Bc3 f6 46. e5 fxe5 47.
Qxe5 Qf7 48. f4 Bc6 49. f5 Kh7 50. g4 a5 51. Kg3 a4 52. h4 Bd7 53. Kf4 Qc4+ 54. Bd4 Qf1+ 55. Kg3 Qd3+ 56.
Kf4 Qf1+ 57. Kg3 1/2-1/2

[Event "Mitropa Cup 2023 Open selection"]
[Site "Mali Losinj, Croatia"]
[Date "2023.04.11"]
[Round "1.5"]
[White "Vykouk, Jan"]
[Black "Koellner, Ruben Gideon"]
[Result "1/2-1/2"]
[TimeControl "90 min + 30 min after 40 moves + 30 sec increment from move 1"]
[WhiteElo "2462"]
[BlackElo "2421"]

1. e4 e5 2. Nf3 Nc6 3. Bc4 Bc5 4. d3 Nf6 5. Nbd2 d6 6. c3 O-O 7. O-O a5 8. h3 h6 9. Re1 Be6 10.
Bb5 Nd7 11. Nf1 f5 12. exf5 Bxf5 13. Ng3 Bg6 14. d4 exd4 15. cxd4 Bb6 16. Bd3 Bxd3 17. Qxd3 Qf6 18. Be3 Nb4 19.
Qb1 Rae8 20. a3 Nd5 21. Qa2 c6 22. Qc4 Kh8 23. Qd3 Nxe3 24. Rxe3 Qf7 25. Rae1 Rxe3 26. Qxe3 Ne5 27. Nh4 Nc4 28.
Qe7 Kg8 29. Nhf5 Qxe7 30. Rxe7 Rf7 31. Re2 Kh7 32. a4 g6 33. Ne3 d5 34. b3 Nd6 35. Rd2 h5 36. f3 Kg7 37. Ne2 Bd8 38.
Rd3 Bb6 39. g4 hxg4 40. hxg4 Bd8 41. Kg2 Ne8 42. Nc2 Nc7 43. Re3 Re7 44. Rxe7+ Bxe7 45. f4 Ne8 46. Kf3 Nd6 47. Nc3 Ne8 48.
Nd1 Nd6 49. Nc3 Ne8 50. Nd1 1/2-1/2

[Event "Mitropa Cup 2023 Open selection"]
[Site "Mali Losinj, Croatia"]
[Date "2023.04.11"]
[Round "1.6"]
[White "Deuer, Marius"]
[Black "Stalmach, Richard"]
[Result "1/2-1/2"]
[TimeControl "90 min + 30 min after 40 moves + 30 sec increment from move 1"]
[WhiteElo "2336"]
[BlackElo "2417"]

1. d4 Nf6 2. c4 e6 3. Nc3 Bb4 4. e3 O-O 5. Nge2 Re8 6. a3 Bf8 7. Ng3 d5 8. Be2 g6 9. cxd5 exd5 10.
Bf3 c6 11. O-O Bg7 12. b4 a6 13. Bb2 Nbd7 14. e4 dxe4 15. Ngxe4 Nb6 16. Nxf6+ Qxf6 17. Ne4 Qf4 18. g3 Qc7 19.
Nc5 Bh3 20. Re1 Nc4 21. Bc3 Nd6 22. a4 Nf5 23. Ne4 h6 24. Qd2 Red8 25. d5 cxd5 26. Nf6+ Kh8 27. Be5 Qb6 28. Nxd5 Bxe5 29.
Rxe5 Qd4 30. Qe1 Qd3 31. Be4 Qd4 32. Bxf5 Bxf5 33. Rd1 Qb2 34. Qe3 Kg7 35. Kg2 Rd6 36. Rd4 Be6 37. Nc3 Rad8 38.
Rh4 Rh8 39. Rc5 Qd2 40. Qe5+ f6 41. Qe4 Rhd8 42. Qxb7+ R8d7 43. Qf3 Rd3 44. Qf4 Qxf4 45. Rxf4 Kf7 46. b5 a5 47. h4 g5 48.
hxg5 hxg5 49. Re4 g4 50. Rc6 R7d6 51.
Rxd6 Rxd6 52. Re3 Rd4 53. f3 Rd2+ 54. Kg1 gxf3 55. Rxf3 Rb2 56. Rf4 Rb3 57. Ne4 Ke7 58. Kf2 Rb4 59.
Nc5 Rb2+ 60. Ke3 Bd5 61. Rd4 Kd6 62. Nb7+ Ke5 63. Nxa5 Rg2 64. Nc6+ Bxc6 65. bxc6 Rxg3+ 66. Kf2 Rc3 1/2-1/2

[Event "Mitropa Cup 2023 Open selection"]
[Site "Mali Losinj, Croatia"]
[Date "2023.04.11"]
[Round "1.7"]
[White "Mladek, Richard"]
[Black "Hagner, Bennet"]
[Result "0-1"]
[TimeControl "90 min + 30 min after 40 moves + 30 sec increment from move 1"]
[WhiteElo "2436"]
[BlackElo "2354"]

1. d4 Nf6 2. c4 e6 3. Nc3 Bb4 4. e3 O-O 5. Bd2 b6 6. Nf3 d5 7. cxd5 exd5 8. Rc1 Bb7 9. Bd3 Re8 10.
O-O Bf8 11. Ne5 c5 12. f4 Nc6 13. Ne2 Rc8 14. Be1 Ne4 15. Bxe4 dxe4 16. Nxf7 Kxf7 17. Qb3+ c4 18. Qxc4+ Kg6 19.
Bg3 Ne5 20. f5+ Kh6 21. Qg8 Be7 22. Qe6+ Bf6 23. Bf4+ g5 24. fxg6+ Kg7 25. Bh6+ Kxh6 26. Qh3+ Bh4 27. Ng3 hxg6 28.
dxe5 Rxc1 29. Rxc1 Rxe5 30. Ne2 Ba6 31. Nd4 Rc5 0-1

[Event "Mitropa Cup 2023 Open selection"]
[Site "Mali Losinj, Croatia"]
[Date "2023.04.11"]
[Round "1.8"]
[White "Besou, Hussain"]
[Black "Frank, Adam"]
[Result "0-1"]
[TimeControl "90 min + 30 min after 40 moves + 30 sec increment from move 1"]
[WhiteElo "2332"]
[BlackElo "2398"]

1. d4 Nf6 2. c4 g6 3. Nc3 Bg7 4. e4 d6 5. h3 Nbd7 6. Be3 e5 7. d5 h5 8. Nf3 Bh6 9. Bxh6 Rxh6 10.
Qd2 Rh8 11. Bd3 a5 12. O-O h4 13. Nh2 Nh5 14. Ne2 Nc5 15. Bc2 Bd7 16. f4 exf4 17. Nxf4 Qg5 18. Qc3 Nxf4 19. Rxf4 Qe5 20.
Raf1 Qxc3 21. bxc3 Rf8 22. e5 dxe5 23. Rxf7 Rxf7 24. Bxg6 Ra6 25. Bxf7+ Ke7 26. Bh5 Rf6 27. Re1 e4 28.
Nf1 Rf4 29. Ne3 Kf6 30. Rd1 Ke5 31. d6 c6 32. Nd5 Rf8 33. Ne7 Kf6 34. Rf1+ Kg7 35. Rxf8 Kxf8 36. Ng6+ Kf7 37. Nxh4+ Ke6 38.
Kf2 Kxd6 39. Ke3 Na4 0-1

[Event "Mitropa Cup 2023 Open selection"]
[Site "Mali Losinj, Croatia"]
[Date "2023.04.11"]
[Round "1.9"]
[White "Pechac, Jergus"]
[Black "Palac, Mladen"]
[Result "1-0"]
[TimeControl "90 min + 30 min after 40 moves + 30 sec increment from move 1"]
[WhiteElo "2610"]
[BlackElo "2489"]

1. d4 Nf6 2. Nf3 d5 3. Bf4 c5 4. e3 e6 5. c3 Nbd7 6. Nbd2 Be7 7. Ne5 Nxe5 8. Bxe5 Bd7 9. a4 Bc6 10.
Bd3 Bd6 11. f4 O-O 12. O-O Qe7 13. Rf3 g6 14. Rh3 Nd7 15. Qh5 1-0

[Event "Mitropa Cup 2023 Open selection"]
[Site "Mali Losinj, Croatia"]
[Date "2023.04.11"]
[Round "1.10"]
[White "Srbis, Jurica"]
[Black "Sahidi, Samir"]
[Result "1/2-1/2"]
[TimeControl "90 min + 30 min after 40 moves + 30 sec increment from move 1"]
[WhiteElo "2451"]
[BlackElo "2508"]

1. c4 Nf6 2. Nc3 e6 3. e4 d5 4. cxd5 exd5 5. e5 d4 6. exf6 dxc3 7. Bb5+ c6 8. Qe2+ Be6 9. Bc4 cxd2+ 10. Bxd2 Qxf6 11. Nf3 Be7 12. O-O O-O 13. Rfe1 Qg6 14. Ne5 Qf5 15. Bd3 Qf6 16. Bc3 Qf4 17. g3 Qh6 18. Nxf7 Bxf7 19.
Qxe7 Na6 20. Re4 Rae8 21. Qh4 Rxe4 22. Qxh6 gxh6 23. Bxe4 Re8 24. Bf3 Nc7 25. Rd1 Nd5 26. Bd2 Kg7 27.
a3 h5 28. h4 Kf6 29. b4 Kf5 30. Bg5 a6 31. Kg2 Ke5 32. Bc1 Kd6 33. a4 Kc7 34. Bd2 Bg6 35. Kg1 Kb6 36. Rc1 Rd8 37.
Rc5 Kc7 38. Bg2 Nf6 39. Bf4+ Kb6 40. Rc1 Nd5 41. Bg5 Rd7 42. Rc4 a5 43. bxa5+ Kxa5 44. Bd2+ Ka6 45. Bf1 Ka7 46. a5 Re7 47.
Bg2 Re2 48. Rd4 Re5 49. f4 Rf5 50. Be4 Rf6 51. Bxd5 cxd5 52. Rxd5 Ka6 53. Kf2 b6 54. Bb4 bxa5 55. Rxa5+ Kb6 56.
Ke3 Rf5 57. Ra3 Rd5 58. Be7 Kc6 59. Bf6 Kd7 60. Ra6 Rd3+ 61. Kf2 Rd2+ 62. Ke3 Rd3+ 63. Kf2 Rd2+ 64. Ke1 Rd3 65. Ra5 Ke6 66.
Bg5 Rd5 67. Rxd5 1/2-1/2

[Event "Mitropa Cup 2023 Open selection"]
[Site "Mali Losinj, Croatia"]
[Date "2023.04.11"]
[Round "1.11"]
[White "Haring, Filip"]
[Black "Tica, Sven"]
[Result "1-0"]
[TimeControl "90 min + 30 min after 40 moves + 30 sec increment from move 1"]
[WhiteElo "2477"]
[BlackElo "2438"]

1. e4 c6 2. d4 d5 3. exd5 cxd5 4. Bd3 Nc6 5. c3 Nf6 6. h3 g6 7. Nf3 Bg7 8. O-O O-O 9. Bf4 Nd7 10.
Re1 Re8 11. Na3 a6 12. Nc2 b5 13. a4 bxa4 14. Rxa4 Nb6 15. Ra1 f6 16. Qe2 e5 17. Bxa6 Bxh3 18. dxe5 Bg4 19. Bb5 Rxa1 20.
Rxa1 Qc8 21. Ra6 Qb7 22. Be3 d4 23. Ncxd4 Nxd4 24. Bxd4 Re6 25. Bxb6 Rxb6 26. Bc4+ Kf8 27. Qd3 Qb8 28. Qd5 1-0

[Event "Mitropa Cup 2023 Open selection"]
[Site "Mali Losinj, Croatia"]
[Date "2023.04.11"]
[Round "1.12"]
[White "Zelcic, Robert"]
[Black "Turcan, Richard"]
[Result "1-0"]
[TimeControl "90 min + 30 min after 40 moves + 30 sec increment from move 1"]
[WhiteElo "2492"]
[BlackElo "2405"]

1. e4 c5 2. Nf3 d6 3. d4 cxd4 4. Nxd4 Nf6 5. Nc3 g6 6. Bc4 Bg7 7. O-O O-O 8. Re1 Nc6 9. h3 Nxd4 10.
Qxd4 Bd7 11. Qd3 Bc6 12. Bg5 Qa5 13. Qd2 Rfe8 14. Rad1 Rac8 15. Bb3 b5 16. Qf4 Qc7 17. a4 b4 18.
Nb5 Bxb5 19. axb5 Rb8 20. Ra1 Red8 21. e5 dxe5 22. Qxb4 Nd5 23. Qa5 Qxa5 24. Rxa5 e4 25. c4 Bxb2 26.
Rxe4 Bf6 27. Bxf6 Nxf6 28. Rxe7 Rd3 29. Re3 Rxe3 30. fxe3 Rb7 31. c5 Kf8 32. g4 Ke7 33. Kg2 Rc7 34.
b6 axb6 35. cxb6 Rd7 36. Ra7 Kd8 37. Ra8+ Ke7 38. Kf3 Kd6 39.
Ra7 Re7 40. Rxe7 Kxe7 41. g5 Nd7 42. b7 f6 43. Kf4 Nb8 44. Bg8 Kf8 45. Bxh7 Kg7 46. gxf6+ Kxh7 47. Ke5 Kg8 48. Ke6 Kf8 49. e4 Ke8 50. e5 Kf8 51.
Kd6 1-0

[Event "Mitropa Cup 2023 Open selection"]
[Site "Mali Losinj, Croatia"]
[Date "2023.04.11"]
[Round "1.13"]
[White "Sebenik, Matej"]
[Black "Erdos, Viktor"]
[Result "1/2-1/2"]
[TimeControl "90 min + 30 min after 40 moves + 30 sec increment from move 1"]
[WhiteElo "2523"]
[BlackElo "2583"]

1. d4 Nf6 2. Nf3 g6 3. c4 Bg7 4. g3 O-O 5. Bg2 d6 6. Nc3 Nc6 7. O-O e5 8. dxe5 dxe5 9. Bg5 h6 10.
Qxd8 Rxd8 11. Bxf6 Bxf6 12. Nd5 Kg7 13. Nxc7 Rb8 14. e4 Be7 15. Nd5 Bc5 16. Rab1 a5 17. h3 Be6 18. Ne1 b6 19.
Kh2 g5 20. Nd3 Bd4 21. Bf3 b5 22. b3 bxc4 23. bxc4 Nb4 24. N3xb4 axb4 25. Bg4 Bxd5 26. cxd5 Rd6 27. Bd1 Ra6 28.
Bb3 Rc8 29. Kg2 Rc3 1/2-1/2

[Event "Mitropa Cup 2023 Open selection"]
[Site "Mali Losinj, Croatia"]
[Date "2023.04.11"]
[Round "1.14"]
[White "Kozak, Adam"]
[Black "Dobrovoljc, Vid"]
[Result "1-0"]
[TimeControl "90 min + 30 min after 40 moves + 30 sec increment from move 1"]
[WhiteElo "2568"]
[BlackElo "2370"]

1. c4 e5 2. Nc3 Bb4 3. Nf3 Bxc3 4. dxc3 d6 5. c5 Nf6 6. cxd6 cxd6 7. e4 O-O 8. Bd3 Nbd7 9. O-O d5 10.
Qe2 Nc5 11. Nxe5 Qe7 12. Bf4 Nxd3 13. Qxd3 dxe4 14. Qe2 Bf5 15. Nc4 Qe6 16. Ne3 Ng4 17. Nc2 Qg6 18. Rad1 e3 19. Nxe3 Nxe3 20.
Qxe3 Rfe8 21. Qd2 Bc2 22. Rc1 Bd3 23. Rfe1 Be4 24. Bg3 h5 25. h4 Re6 26. Qg5 Rae8 27. Bf4 Kh7 28. Re3 Bc6 29.
b3 a6 30. Rce1 Rxe3 31. Bxe3 Re4 32. Qxg6+ Kxg6 33. f3 Re7 34. Kf2 f6 35. c4 Kf5 36. Rc1 g5 37. Rf1 Kg6 38. Rd1 Rd7 39.
Rh1 Re7 40. Rh3 Bd7 41. Rh1 Bc6 42. Ra1 Rd7 43. Ke2 Rd6 44. a4 Bd7 45. b4 Bf5 46. c5 Rd5 47. Kf2 Bd7 48. hxg5 fxg5 49.
b5 axb5 50. a5 Re5 51. Rd1 Bf5 52. c6 bxc6 53.
a6 b4 54. Bb6 Re8 55. a7 Ra8 56. Rd8 Bc8 57. Ke3 b3 58. Kd2 c5 59. Bxc5 g4 60. fxg4 hxg4 61. g3 Kf5 62. Kc3 Bb7 63.
Rb8 Bf3 64. Kd4 Ke6 65. Rb6+ Kd7 66. Rxb3 Kc6 67. Rb8 Kc7 68. Bb6+ Kd7 69. Kc5 Bg2 70. Kb5 Bf3 71. Be3 Bg2 72.
Kb6 Bf3 73. Bf4 Be4 74. Rb7+ Kc8 75. Rg7 Bf3 76. Bg5 Be4 77. Rc7# 1-0

[Event "Mitropa Cup 2023 Open selection"]
[Site "Mali Losinj, Croatia"]
[Date "2023.04.11"]
[Round "1.15"]
[White "Lavrencic, Matic"]
[Black "Fodor, Tamas Jr."]
[Result "1/2-1/2"]
[TimeControl "90 min + 30 min after 40 moves + 30 sec increment from move 1"]
[WhiteElo "2327"]
[BlackElo "2495"]

1. e4 e5 2. Nf3 Nc6 3. Bb5 a6 4. Ba4 Nf6 5. O-O Be7 6. Re1 b5 7. Bb3 O-O 8. a4 Bb7 9. d3 d6 10.
Bd2 Rb8 11. axb5 axb5 12. Nc3 Bc8 13. Nd5 Bg4 14. c3 Qd7 15. h3 Be6 16. Ng5 Nd8 17. Nxe6 Nxe6 18. Ra7 Bd8 19. Qe2 Qc8 20.
Nxf6+ Bxf6 21. Rea1 Nc5 22. Bc2 Rb7 23. R7a3 Ne6 24. Qg4 c5 25. Ra6 Qc7 26. Be3 g6 27. Qe2 b4 28. Qd1 Rfb8 29.
Ra8 1/2-1/2

[Event "Mitropa Cup 2023 Open selection"]
[Site "Mali Losinj, Croatia"]
[Date "2023.04.11"]
[Round "1.16"]
[White "Nemeth, Miklos"]
[Black "Brilej, Jaka"]
[Result "1-0"]
[TimeControl "90 min + 30 min after 40 moves + 30 sec increment from move 1"]
[WhiteElo "2453"]
[BlackElo "2321"]

1. e4 e6 2. d4 d5 3. e5 c5 4. c3 Nc6 5. Nf3 Qb6 6. Bd3 cxd4 7. O-O Bd7 8. Re1 Nge7 9. h4 h6 10.
h5 Rc8 11. a3 a6 12. b4 dxc3 13. Nxc3 Nxb4 14. Na4 Bxa4 15. Qxa4+ Nbc6 16. Bd2 Nf5 17. Rab1 Qa7 18. Bxf5 exf5 19.
Qf4 Bc5 20. Nh4 Nd4 21. Qg3 Kf8 22. Be3 Ne6 23. Nxf5 Bxe3 24. Rxe3 d4 25. Reb3 b5 26. a4 Kg8 27. axb5 axb5 28.
Rxb5 Kh7 29. Rb7 Qa2 30. Nxd4 Rhf8 31. Nf5 Qc2 32. Nd6 Rc7 33. Qg4 Rxb7 34. Rxb7 Kg8 35. Re7 Qc5 36. Qg3 Qc2 37.
Kh2 Qd1 38. f3 Ng5 39. Qf4 Ne6 40. Qg4 Ng5 41. Ne4 Nxe4 42. Qxe4 Qd8 43. Qb4 Re8 44. Rxe8+ Qxe8 45. Qd6 Qc8 46.
g4 Qc4 47. Kg3 Qf1 48. Qd8+ Kh7 49. Qd2 Kg8 50. Qe3 Qc4 51. f4 Qc7 52. Kh3 Kf8 53. Qa3+ Kg8 54. Kg3 Qb6 55. Qc1 Qb3+ 56.
Kf2 Qh3 57. Qd1 Qh2+ 58. Ke3 Qg3+ 59. Qf3 Qe1+ 60. Qe2 Qg1+ 61. Ke4 Qb1+ 62. Kd4 Qc1 63. f5 Qa1+ 64. Ke4 Qa8+ 65. Kf4 Qb8 66.
Qc4 Kf8 67. Qc5+ Ke8 68. Qc6+ Ke7 69. f6+ gxf6 70. Qxf6+ Ke8 71. Qh8+ 1-0

[Event "Mitropa Cup 2023 Open selection"]
[Site "Mali Losinj, Croatia"]
[Date "2023.04.11"]
[Round "1.17"]
[White "Dotzer, Lukas"]
[Black "Moroni, Luca Jr"]
[Result "1-0"]
[TimeControl "90 min + 30 min after 40 moves + 30 sec increment from move 1"]
[WhiteElo "2416"]
[BlackElo "2565"]

1. e4 c5 2. Nf3 e6 3. d4 cxd4 4.
Nxd4 Nc6 5. Nc3 a6 6. g3 h5 7. Bg2 Nge7 8. Bf4 d6 9. Nxc6 Nxc6 10. Qd2 Qc7 11. O-O-O Ne5 12. Bg5 b5 13.
Rhe1 f6 14. Be3 Nc4 15. Qd3 b4 16. Ne2 e5 17. Kb1 Nxe3 18. Qxe3 Be6 19. Rc1 a5 20. c4 g6 21. f4 Bh6 22. Ng1 Qf7 23. Qd3 O-O 24.
f5 Bd7 25. fxg6 Qxg6 26. Rcd1 Be6 27. Bh3 Bf7 28. Bf5 Qg7 29. Nf3 Rfd8 30. c5 Kh8 31. cxd6 Qg8 32. Ka1 Bxa2 33. d7 Qb3 34.
Qd6 Qa4 35. Qxf6+ Bg7 36. Qg5 Be6+ 37.
Kb1 Qa2+ 38. Kc2 Qb3+ 39. Kb1 Qa2+ 40. Kc2 Rac8+ 41. Kd3 Rxd7+ 42. Ke2 Qxb2+ 43. Kf1 Bxf5 44. Qxh5+ Kg8 45. Qxf5 Rdd8 46.
Qe6+ Kh8 47. Qh3+ Kg8 48. Ng5 Qb3 49. Rd5 Rf8+ 50. Kg2 Qc2+ 51. Kh1 Rf6 52. Qh7+ Kf8 53. Rd7 1-0

[Event "Mitropa Cup 2023 Open selection"]
[Site "Mali Losinj, Croatia"]
[Date "2023.04.11"]
[Round "1.18"]
[White "Sonis, Francesco"]
[Black "Gschiel, Alexander"]
[Result "1-0"]
[TimeControl "90 min + 30 min after 40 moves + 30 sec increment from move 1"]
[WhiteElo "2554"]
[BlackElo "2297"]

1. Nf3 Nf6 2. c4 e6 3. Nc3 d5 4. e3 Be7 5. b3 O-O 6. Bb2 b6 7. cxd5 exd5 8. g3 c5 9. Bg2 Nc6 10.
O-O Ba6 11. d3 Rc8 12. Ne2 Nb4 13. Ne5 Bd6 14. Nf4 d4 15. a3 Bxe5 16. axb4 Bb5 17. bxc5 Rxc5 18. b4 Rc7 19. Ne2 Nd5 20.
Bxd4 Re8 21. Qb3 Nf6 22. Bxe5 Rxe5 23. Nd4 Be8 24. b5 Nd5 25. Rac1 h5 26. Nc6 Bxc6 27. bxc6 h4 28. d4 Rh5 29.
g4 Rg5 30. h3 Nf6 31. Rfd1 Nxg4 32. hxg4 Rxg4 33. Kf1 Qf6 34. Qd5 Rg5 35. Qe4 Qh6 36. Bh3 Qf6 37. d5 Rg3 38. Bf5 1-0

[Event "Mitropa Cup 2023 Open selection"]
[Site "Mali Losinj, Croatia"]
[Date "2023.04.11"]
[Round "1.19"]
[White "Kristoferitsch, Daniel"]
[Black "Lodici, Lorenzo"]
[Result "0-1"]
[TimeControl "90 min + 30 min after 40 moves + 30 sec increment from move 1"]
[WhiteElo "2254"]
[BlackElo "2524"]

1. d4 e6 2. c4 b6 3. Nc3 Bb4 4. e4 Bb7 5. Qc2 Qh4 6. d5 f5 7. exf5 exd5 8. cxd5 Nf6 9. Bd2 O-O 10.
Nf3 Qh5 11. O-O-O Kh8 12. Bc4 c6 13. h3 cxd5 14. g4 Qf7 15. Bb3 Na6 16. a3 Bxc3 17. Bxc3 Rac8 18. Nd4 Nc5 19. f3 Ba6 20.
Ba2 Bc4 21. Bb1 b5 22. g5 Nh5 23. Qf2 Nf4 24. Qh4 Ne2+ 25. Kd2 Nxd4 26. Bxd4 Nb3+ 27. Ke3 Rce8+ 28. Kf2 Re2+ 29. Kg3 Nxd4 30.
Qxd4 Qe7 31. h4 Re3 32. Rd2 Re8 33. Be4 Qd6+ 34. Kg4 R8xe4+ 35. fxe4 Qg3+ 36. Kh5 Qf3# 0-1

[Event "Mitropa Cup 2023 Open selection"]
[Site "Mali Losinj, Croatia"]
[Date "2023.04.11"]
[Round "1.20"]
[White "Lumachi, Gabriele"]
[Black "Balint, Peter"]
[Result "1-0"]
[TimeControl "90 min + 30 min after 40 moves + 30 sec increment from move 1"]
[WhiteElo "2357"]
[BlackElo "2217"]

1. Nf3 Nf6 2. c4 g6 3. Nc3 d5 4. cxd5 Nxd5 5. e4 Nxc3 6. bxc3 Bg7 7. Rb1 c5 8. Bb5+ Nc6 9. Ba3 a6 10.
Bxc6+ bxc6 11. Bxc5 Qd3 12. Rb6 Be6 13. Qe2 Bc4 14. Qxd3 Bxd3 15. Nd4 Bxe4 16. O-O Bd5 17. a4 O-O 18.
Nxc6 Bxc6 19. Rxc6 Rfd8 20. Be3 Rdb8 21. a5 Rb2 22. Ra1 h5 23. Rb6 Rc2 24. Kf1 Be5 25. g3 h4 26. gxh4 Kg7 27.
Rb3 Rd8 28. Ke2 Bf6 29. Ra4 Rc1 30. Rb6 Ra8 31. Kf3 Rh1 32. Kg2 Rc1 33. Rc6 Rc2 34. Kf3 Rc1 35. Rg4 Ra1 36. Rc5 Rh8 37.
h5 Rd8 38. h4 Kh7 39. hxg6+ fxg6 40. h5 g5 41. d4 Ra3 42. Kg2 Rd6 43. Bxg5 Bxg5 44. Rgxg5 Rf6 45. Rg3 Rf7 46. Rcg5 e6 47.
Re3 Rf6 48. Rge5 Ra2 49. Rf3 Rh6 50. Rg5 Rc2 51. Rf7+ Kh8 52. Rc5 1-0